 Dungeon Crawl Stone Soup version 0.18-a0-1327-gce91241 (webtiles) character file.

82 KaeM the Digger (level 4, 0/24 HPs)
             Began as a Gargoyle Earth Elementalist on Feb 16, 2016.
             Slain by Crazy Yiuf
             ... wielding a +4 quarterstaff of chaos
              (1 damage)
             ... on level 2 of the Dungeon.
             The game lasted 00:06:02 (1826 turns).

KaeM the Digger (Gargoyle Earth Elementalist)       Turns: 1826, Time: 00:06:02

Health: 0/24       AC:  6    Str: 12    XL:     4   Next: 43%
Magic:  10/18      EV: 12    Int: 16    God:
Gold:   107        SH:  0    Dex: 10    Spells: 2 memorised, 6 levels left

rFire  + . .     SeeInvis .     b - 77 stones
rCold  . . .     Gourm    .     a - +1 robe
rNeg   + . .     Faith    .     (no shield)
rPois  ∞         Spirit   .     (no helmet)
rElec  +         Dismiss  .     (no cloak)
rCorr  .         Reflect  .     (no gloves)
SustAt .         Harm     .     (no boots)
MR     .....                    (no amulet)
Stlth  ++........               s - ring of protection from fire
                                r - ring of magical power

@: very slightly contaminated, not resistant to hostile enchantments, unstealthy
A: negative energy resistance 1, electricity resistance, unbreathing,
petrification resistance, rot immunity, AC +3
a: no special abilities


You were on level 2 of the Dungeon.
You were not hungry.

You visited 1 branch of the dungeon, and saw 2 of its levels.

You collected 107 gold pieces.

Inventory:

Hand Weapons
 h - a +0 short sword
 u - a +0 mace
Missiles
 b - 77 stones (in hand)
 f - 7 tomahawks
Armour
 a - a +1 robe (worn)
Jewellery
 r - a ring of magical power (left hand)
 s - a ring of protection from fire (right hand)
Scrolls
 i - 2 scrolls of teleportation
 k - 2 scrolls of recharging
 p - a scroll of remove curse {unknown}
 q - a scroll of random uselessness {unknown}
Potions
 e - a potion of degeneration {unknown}
 g - 2 potions of lignification {unknown}
 j - 2 potions of might {unknown}
 l - a potion of curing {unknown}
 n - a potion of ambrosia {unknown}
Books
 c - a book of Geomancy

   Spells                             Type                      Level
   a - Sandblast                      Earth                        1
   b - Passwall                       Transmutation/Earth          2
   c - Stone Arrow                    Conjuration/Earth            3
   d - Petrify                        Transmutation/Earth          4
   e - Lee's Rapid Deconstruction     Earth                        5
Comestibles
 d - 4 bread rations
 m - 2 meat rations
 o - 2 chunks of flesh
 t - a beef jerky


   Skills:
 - Level 1.5 Dodging
 - Level 2.1 Stealth
 * Level 3.6 Spellcasting
 + Level 0.2 Conjurations
   Level 0.7 Transmutations
 + Level 4.5 Earth Magic


You had 6 spell levels left.
You knew the following spells:

 Your Spells              Type           Power        Failure   Level  Hunger
a - Sandblast             Erth           ###...       3%          1    None
b - Stone Arrow           Conj/Erth      ##....       21%         3    ###....


Dungeon Overview and Level Annotations

Branches:
Dungeon (2/15)

Altars:
Qazlal

Annotations:
D:2 Crazy Yiuf


Innate Abilities, Weirdness & Mutations

You are resistant to torment.
Your stone body is resilient (AC +3).
You are immune to poison.
You resist negative energy.
You are resistant to electric shocks.
You can survive without breathing.
You are immune to petrification.
You are immune to rotting.


Message History

Crazy Yiuf is severely wounded.
Casting: Sandblast
Confirm with . or Enter, or press ? or * to list all spells.
Aiming: Sandblast
Press: ? - help, Shift-Dir - straight line, f/p - Crazy Yiuf
Aim: Crazy Yiuf, wielding a quarterstaff of chaos and wearing a cloak (severely wounded)
The rocky blast misses Crazy Yiuf.
Crazy Yiuf twirls on the spot.
Crazy Yiuf hits you with a quarterstaff of chaos.
Casting: Sandblast
Confirm with . or Enter, or press ? or * to list all spells.
Aiming: Sandblast
Press: ? - help, Shift-Dir - straight line, f/p - Crazy Yiuf
Aim: Crazy Yiuf, wielding a quarterstaff of chaos and wearing a cloak (severely wounded)
The rocky blast hits Crazy Yiuf.
Crazy Yiuf is almost dead.
Crazy Yiuf hits you with a quarterstaff of chaos!
* * * LOW HITPOINT WARNING * * *
Crazy Yiuf burns you.
You die...

#...#....>.....###.##≈.§≈§§.≈
##..#..........# #.#^^..^..#.
#.....####....## #.#≈#.^.§§^#
##.....# #+..'# ##.#≈.#§.§≈#§
#......# #.P..# #...^≈§§...≈^
#......# ##...# #......§._...
#...#..# ##.## #).#^......≈≈
##.#....# ##.# #..#..^#^.§^#
#.......# #@## #..#^##^^.^#≈
#.##....# #g# #..#^.≈^^..^§
###....## #.## #......^≈..≈§
#....# #. #..#....#....
#....# .. #######....§.
#...## #.( ###.... #...# #).
#.... #...# ### ##### #####


You could see Crazy Yiuf.

Vanquished Creatures
  Jessica (D:2)
  3 adders
  A worm (D:2)
  5 bats
  3 giant cockroaches (D:1)
  5 goblins (D:1)
  2 hobgoblins (D:2)
  3 giant newts
  3 kobolds
  2 rats (D:1)
28 creatures vanquished.

Notes
Turn   | Place    | Note
--------------------------------------------------------------
     0 | D:1      | KaeM the Gargoyle Earth Elementalist began the quest for the Orb.
     0 | D:1      | Reached XP level 1. HP: 10/10 MP: 3/3
   150 | D:1      | Reached XP level 2. HP: 15/15 MP: 5/5
   168 | D:1      | Reached skill level 4 in Earth Magic
   888 | D:2      | Reached XP level 3. HP: 1/19 MP: 1/7
  1187 | D:2      | Found a stormy altar of Qazlal.
  1195 | D:2      | Noticed Sigmund
  1266 | D:2      | Noticed Jessica
  1272 | D:2      | Killed Jessica
  1272 | D:2      | Reached XP level 4. HP: 24/24 MP: 2/8
  1552 | D:2      | Learned a level 3 spell: Stone Arrow
  1814 | D:2      | Noticed Crazy Yiuf
  1826 | D:2      | HP: 1/24 [Crazy Yiuf/quarterstaff of chaos (10)]
  1826 | D:2      | Slain by Crazy Yiuf

Vault maps used:
D:1:      zelgadis_glass_arrival_small
D:2:      grunt_qazlal_sundering, serial_bayou_crossing, uniq_sigmund,
          uniq_crazy_yiuf_cottage, uniq_jessica

Action                   |  1- 3 |  4- 6 || total
-------------------------+-------+-------++-------
Melee: Short sword       |    53 |    15 ||    68
Throw: Tomahawk          |       |     1 ||     1
 Cast: Sandblast         |    13 |    19 ||    32
  Use: Scroll            |     5 |       ||     5
 Stab: Sleeping          |     1 |       ||     1
  Eat: Chunk             |     1 |     2 ||     3
